 Dungeon Crawl Stone Soup version 0.19.0-9-gfd783f2 (webtiles) character file.

72320 tsouns the Thaumaturge (level 15, -2/92 HPs)
             Began as a Tengu Fire Elementalist on Nov 7, 2016.
             Was a High Priest of Vehumet.
             Slain by an anaconda (4 damage)
             ... on level 1 of the Snake Pit.
             The game lasted 01:52:20 (24341 turns).

tsouns the Thaumaturge (Tengu Fire Elementalist)   Turns: 24341, Time: 01:52:20

Health: -2/92      AC:  9    Str:  8    XL:     15   Next: 39%
Magic:  3/42       EV: 24    Int: 26    God:    Vehumet [*****.]
Gold:   1348       SH:  0    Dex: 17    Spells: 12 memorised, 6 levels left

rFire  + + +     SeeInvis .     D - +2 spear (freeze)
rCold  . . .     Gourm    .     F - +1 robe {MR+}
rNeg   . . .     Faith    .     (no shield)
rPois  +         Spirit   .     (helmet restricted)
rElec  .         Reflect  .     y - +2 cloak
rCorr  .         Harm     .     X - +2 pair of gloves {Dex+3}
MR     +....                    (boots unavailable)
Stlth  +++++.....               Q - amulet of regeneration
                                o - ring of magical power
                                d - ring of Fiemut {rPois rF+++ MR- EV+3 Int+3}

@: lethally poisoned (-2 -> -12), flying quickly and evasively, very slightly
contaminated, constricted, studying Ice Magic, quick
A: beak, talons 3, able to fly 2
a: Stop Flying, Renounce Religion


You were on level 1 of the Snake Pit.
You worshipped Vehumet.
Vehumet was extremely pleased with you.
You were not hungry.

You visited 4 branches of the dungeon, and saw 23 of its levels.
You visited the Abyss 1 time.
You also visited: Labyrinth and Ice Cave.

You collected 1348 gold pieces.

Inventory:

Hand Weapons
 p - a +1 halberd of flaming
 D - a +2 spear of freezing (weapon)
Missiles
 t - 7 throwing nets
 M - 6 javelins (quivered)
Armour
 y - a +2 cloak (worn)
 C - +0 steam dragon scales
 F - a +1 robe of magic resistance (worn)
 R - the +0 pair of gloves of the Sun {*Corrode Int+6}
   (You found it in a labyrinth)

   It affects your intelligence (+6).
   It may corrode you when you take damage.
 X - a +2 pair of gloves of dexterity (worn)
Rods
 A - a +7 rod of clouds (12/12)
   (You found it in a labyrinth)
Jewellery
 d - the ring of Fiemut (left hand) {rPois rF+++ MR- EV+3 Int+3}
   (You found it in a labyrinth)

   [ring of evasion]

   It affects your evasion (+3).
   It affects your intelligence (+3).
   It renders you almost immune to fire.
   It protects you from poison.
   It affects your resistance to hostile enchantments.
 o - a ring of magical power (right hand)
 Q - an amulet of regeneration (around neck)
Wands
 a - a wand of disintegration (14/24)
 j - a wand of enslavement (6/24)
 v - a wand of teleportation (6/9)
 x - a wand of digging (13/24)
 z - a wand of polymorph (20/24)
 G - a wand of paralysis (5/24)
 N - a wand of confusion (26/48)
 U - a wand of acid (0/15)
 V - a wand of iceblast (10/15)
 W - a wand of iceblast (8/15)
Scrolls
 b - 2 scrolls of silence
 g - a scroll of amnesia
 n - 9 scrolls of teleportation
 q - 5 scrolls of recharging
 w - 6 scrolls of remove curse
 B - 3 scrolls of blinking
 E - 2 scrolls of fear
 H - 5 scrolls of enchant weapon
 J - a scroll of fog
 K - 3 scrolls of magic mapping
Potions
 e - a potion of ambrosia
 f - 5 potions of brilliance
 h - 6 potions of curing
 i - a potion of cancellation
 k - a potion of magic
 l - 2 potions of might
 m - 3 potions of berserk rage
 I - 2 potions of heal wounds
 L - 2 potions of haste
 P - 2 potions of agility
 S - a potion of cure mutation
Books
 O - a manual of Ice Magic
 Z - a manual of Ice Magic
Comestibles
 c - 13 bread rations
 r - 10 meat rations
 s - 35 fruits


   Skills:
 - Level 10.2 Fighting
 + Level 6.0 Polearms
 - Level 10.0 Dodging
 + Level 10.7 Stealth
 + Level 13.7 Spellcasting
 + Level 12.4 Conjurations
 - Level 0.4 Charms
 - Level 4.7 Summonings
 - Level 1.2 Translocations
 + Level 10.2 Fire Magic
 - Level 0.3 Air Magic
 + Level 3.8 Evocations


You had 6 spell levels left.
You knew the following spells:

 Your Spells              Type           Power        Failure   Level  Hunger
a - Flame Tongue          Conj/Fire      #####        1%          1    None
b - Throw Flame           Conj/Fire      ######       1%          2    None
c - Conjure Flame         Conj/Fire      ######..     1%          3    None
d - Blink                 Tloc           N/A          2%          2    None
e - Repel Missiles        Chrm/Air       ###...       4%          2    None
f - Sticky Flame          Conj/Fire      ######..     1%          4    None
g - Call Imp              Summ           #####...     1%          2    None
h - Fireball              Conj/Fire      ######....   1%          5    ##.....
i - Dazzling Spray        Conj/Hex       ######       1%          3    None
j - Inner Flame           Hex/Fire       #####...     1%          3    None
k - Sublimation of Blood  Necr           ###.......   6%          2    None
l - Bolt of Fire          Conj/Fire      ######....   1%          6    ####...


Dungeon Overview and Level Annotations

Branches:
Dungeon (15/15)            Temple (1/1) D:7            Lair (6/6) D:8
 Shoals (0/4) Lair:2        Snake (1/4) Lair:4        Slime (0/5) Lair:6
    Orc (0/2) D:10         Vaults (0/5) D:13         Depths (0/5) D:15

Altars:
Ashenzari
Cheibriados
Dithmenos
Elyvilon
Fedhas
Gozag
Hepliaklqana
Kikubaaqudgha
Makhleb
Nemelex Xobeh
Okawaru
Qazlal
Ru
Sif Muna
Trog
Uskayaw
Vehumet
Xom
Yredelemnul
Zin
The Shining One


Innate Abilities, Weirdness & Mutations

You have a beak for a mouth.
You have claws for feet.
You can fly continuously.


Message History

The anaconda closely misses you.
* * * LOW HITPOINT WARNING * * *
The anaconda constricts you.
Unknown command.
Casting: Bolt of Fire
Confirm with . or Enter, or press ? or * to list all spells.
Aiming: Bolt of Fire
Press: ? - help, Shift-Dir - straight line, f - sea snake
Aim: a sea snake (moderately wounded)
The bolt of fire misses the anaconda.
The bolt of fire hits the sea snake.
You kill the sea snake!
Vehumet accepts your kill.
You feel your power returning.
The black mamba hisses angrily.
You feel sick. The anaconda bites you!
* * * LOW HITPOINT WARNING * * *
x2 The anaconda constricts you.
The black mamba completely misses you. The anaconda bites you!
* * * LOW HITPOINT WARNING * * *
You die...

....... %...##..=....≈≈≈
....... ...##......S§S≈≈
....... ..........SSS†≈≈
....... ..........S.SS..
..#....##........†SS.....
................S†.S.....
..........####S..........
.......)S##..S†....$.....
...(....@##.S.S.......##.
.........S†..S.......##
....##.........#....##
....................#
....................##
.........S.(..........
..................!.(
................#....
.........#......####


You could see an anaconda, 2 black mambas and a water moccasin.

Vanquished Creatures
  A dire elephant (D:15)
  The ghost of Asilar the Cleaver, a journeyman MiBe of Trog (D:14)
  Snorg (D:13)
  A minotaur (Lab)
  An ice dragon (Lair:4)
  5 hydras
  Harold (D:10)
  A vault guard (D:13)
  2 centaur warriors
  A catoblepas (Lair:2)
  2 anacondas
  3 unseen horrors
  A wolf spider zombie (D:14)
  3 sea snakes (Snake:1)
  3 hill giants
  2 deep elf magi
  A necromancer (IceCv)
  Pikel (D:6)
  A manticore (D:14)
  5 cyclopes
  5 ugly things (D:15)
  2 sirens (Lair:2)
  24 spiny frogs
  An ice statue (IceCv)
  6 black mambas
  12 komodo dragons
  A redback zombie (D:15)
  3 kobold demonologists (D:15)
  10 freezing wraiths (IceCv)
  3 rime drakes (Lair:5)
  A tengu conjurer (D:13)
  2 trolls
  2 two-headed ogres
  5 polar bears
  3 hornets
  3 meliai (D:15)
  3 merfolk
  5 tyrant leeches (Lair:6)
  6 slime creatures
  17 blink frogs
  5 hippogriffs
  7 dream sheep (Lair:6)
  2 spriggans
  A shadow (D:14)
  A wraith (D:14)
  A basilisk (Lair:3)
  23 yaks
  5 wyverns
  2 hungry ghosts
  A steam dragon (D:12)
  6 vampire mosquitoes
  A death yak simulacrum (IceCv)
  3 nagas
  A mottled dragon (D:12)
  Menkaure (D:5)
  21 water moccasins
  6 porcupines
  3 slaves (D:6)
  9 orc warriors
  11 ice beasts
  5 sky beasts
  An eye of draining (D:13)
  An ogre (D:6)
  7 wolves
  15 crocodiles
  12 centaurs
  2 big kobolds (D:15)
  27 bullfrogs
  A wyvern zombie (D:14)
  A wyvern skeleton (D:9)
  3 scorpions
  An elephant simulacrum (IceCv)
  21 killer bees
  10 wights
  6 howler monkeys
  8 electric eels
  A centaur zombie (D:6)
  2 draconian simulacra (IceCv)
  9 orc priests
  Crazy Yiuf (D:4)
  10 hounds
  8 jellies
  7 orc wizards
  A bullfrog skeleton (D:4)
  Terence (D:3)
  5 iguanas
  Natasha (thrice) (D:4)
  A polar bear simulacrum (IceCv)
  2 spriggan simulacra (IceCv)
  A troll simulacrum (IceCv)
  9 worker ants
  A wolf simulacrum (IceCv)
  6 centaur simulacra
  3 hound zombies
  A hound skeleton (D:5)
  7 gnolls
  6 ogre simulacra (IceCv)
  15 adders
  5 naga simulacra (IceCv)
  A river rat (D:8)
  2 shadow imps
  12 white imps (IceCv)
  3 oozes
  A worm (D:6)
  4 dart slugs
  8 leopard geckos
  54 orcs
  4 ball pythons
  13 bats
  5 giant cockroaches
  8 goblins
  7 hobgoblins
  19 jackals
  4 kobolds (D:15)
  3 quokkas
  7 frilled lizards
  A quokka skeleton (D:7)
  15 rats
  A bush (Lair:6)
  A fungus (Lair:4)
  A plant (D:5)
661 creatures vanquished.

Vanquished Creatures (collateral kills)
  2 crimson imps
2 creatures vanquished.

Vanquished Creatures (others)
  A slave (D:6)
  A centaur (Lair:1)
  12 fungi
  28 plants
42 creatures vanquished.

Grand Total: 705 creatures vanquished

Notes
Turn   | Place    | Note
-------+----------+-------------------------------------------
     0 | D:1      | tsouns the Tengu Fire Elementalist began the quest for the Orb.
     0 | D:1      | Reached XP level 1. HP: 10/10 MP: 4/4
   190 | D:1      | Reached XP level 2. HP: 13/15 MP: 3/6
   194 | D:1      | Learned a level 2 spell: Throw Flame
   477 | D:1      | Reached XP level 3. HP: 19/19 MP: 4/7
   644 | D:2      | Learned a level 3 spell: Conjure Flame
   672 | D:2      | Found an opulent altar of Gozag.
   899 | D:2      | Reached XP level 4. HP: 12/24 MP: 0/8
  1678 | D:3      | Gained mutation: You can fly. [Tengu growth]
  1678 | D:3      | Reached XP level 5. HP: 25/28 MP: 1/10
  1784 | D:3      | Reached skill level 3 in Spellcasting
  1944 | D:3      | Cast into level 1 of the Abyss (orc)
  1980 | Abyss:1  | Noticed an apocalypse crab
  1994 | Abyss:1  | Noticed a white draconian caller
  1996 | Abyss:1  | Noticed a wind drake
  1997 | Abyss:1  | Noticed a swamp drake
  1998 | Abyss:1  | Noticed a swamp drake
  1998 | Abyss:1  | Noticed a swamp drake
  1999 | Abyss:1  | Noticed a bone dragon
  2014 | Abyss:1  | Learned a level 2 spell: Blink
  2074 | Abyss:1  | Noticed a thrashing horror
  2203 | Abyss:1  | Noticed a tormentor
  2216 | D:3      | Escaped the Abyss
  2299 | D:3      | Noticed Terence
  2527 | D:3      | Learned a level 2 spell: Repel Missiles
  2781 | D:3      | Killed Terence
  2875 | D:4      | Reached XP level 6. HP: 31/32 MP: 7/12
  2923 | D:4      | Reached skill level 5 in Fire Magic
  2951 | D:4      | Noticed Natasha
  2967 | D:4      | Killed Natasha
  2999 | D:4      | Found a runed door.
  3003 | D:4      | Noticed Crazy Yiuf
  3012 | D:4      | Killed Crazy Yiuf
  3012 | D:4      | Reached skill level 5 in Conjurations
  3309 | D:4      | Noticed Natasha
  3321 | D:4      | Killed Natasha
  3469 | D:4      | Noticed Natasha
  3473 | D:4      | Killed Natasha
  3494 | D:4      | Reached skill level 4 in Spellcasting
  3494 | D:4      | Reached XP level 7. HP: 30/36 MP: 11/14
  3753 | D:5      | Entered Level 5 of the Dungeon
  3759 | D:5      | Learned a level 4 spell: Sticky Flame
  4301 | D:5      | Noticed Menkaure
  4309 | D:5      | Killed Menkaure
  4764 | D:5      | Reached XP level 8. HP: 41/41 MP: 16/16
  5061 | D:6      | Reached skill level 5 in Spellcasting
  5065 | D:6      | Learned a level 2 spell: Call Imp
  5150 | D:6      | Noticed Pikel
  5609 | D:6      | Found a snail-covered altar of Cheibriados.
  5830 | D:6      | Killed Pikel
  5830 | D:6      | Reached skill level 6 in Spellcasting
  5830 | D:6      | Reached XP level 9. HP: 39/45 MP: 9/19
  6117 | D:7      | Reached skill level 1 in Summonings
  6283 | D:7      | Reached skill level 1 in Fighting
  6726 | D:7      | Found a staircase to the Ecumenical Temple.
  6736 | Temple   | Entered the Ecumenical Temple
  6838 | Temple   | Became a worshipper of Vehumet
  7332 | D:8      | Reached skill level 7 in Spellcasting
  7409 | D:8      | Found a staircase to the Lair.
  7414 | D:8      | Reached * piety under Vehumet
  7414 | D:8      | Offered knowledge of Freeze by Vehumet.
  7430 | D:8      | Reached XP level 10. HP: 54/56 MP: 6/21
  7441 | D:8      | Learned a level 5 spell: Fireball
  8265 | D:9      | Reached skill level 5 in Dodging
  8400 | D:10     | Entered Level 10 of the Dungeon
  8422 | D:10     | Reached skill level 5 in Stealth
  8467 | D:10     | Noticed Harold
  8732 | Lair:1   | Entered Level 1 of the Lair of Beasts
  8930 | Lair:1   | Reached skill level 1 in Translocations
  8932 | Lair:1   | Reached ** piety under Vehumet
  8932 | Lair:1   | Offered knowledge of Shock by Vehumet.
  9383 | Lair:1   | Noticed a black mamba
  9388 | Lair:1   | Killed a black mamba
  9503 | Lair:1   | Found a radiant altar of Vehumet.
  9518 | Lair:1   | Reached XP level 11. HP: 61/62 MP: 23/23
  9882 | Lair:2   | Noticed a five-headed hydra
  9891 | Lair:2   | Killed a five-headed hydra
  9891 | Lair:2   | Reached skill level 10 in Conjurations
  9893 | Lair:2   | Reached skill level 5 in Fighting
 10360 | Lair:2   | Offered knowledge of Dazzling Spray by Vehumet.
 10365 | Lair:2   | Learned a level 3 spell: Dazzling Spray
 10992 | Lair:2   | Noticed a catoblepas
 11003 | Lair:2   | Killed a catoblepas
 11003 | Lair:2   | Reached *** piety under Vehumet
 11003 | Lair:2   | Reached skill level 8 in Spellcasting
 11220 | Lair:2   | Noticed a four-headed hydra
 11235 | Lair:2   | Killed a four-headed hydra
 11235 | Lair:2   | Reached XP level 12. HP: 57/72 MP: 25/25
 11518 | Lair:2   | Found a staircase to the Shoals.
 12370 | Lair:4   | Found a labyrinth entrance.
 12387 | Lab      | Entered a labyrinth
 12525 | Lab      | Noticed a minotaur
 12539 | Lab      | Killed a minotaur
 12542 | Lab      | Got a coiled steel ring
 12543 | Lab      | Got a pair of scorched gloves
 12554 | Lab      | Identified the +0 pair of gloves of the Sun {*Corrode Int+6} (You found it in a labyrinth)
 12601 | Lair:4   | Offered knowledge of Ignite Poison by Vehumet.
 12608 | Lair:4   | Reached skill level 9 in Spellcasting
 12693 | Lair:4   | Found a frozen archway.
 12699 | Lair:4   | Noticed an ice dragon
 12722 | Lair:4   | Killed an ice dragon
 12970 | IceCv    | Entered an ice cave
 13005 | IceCv    | Reached **** piety under Vehumet
 13116 | IceCv    | Offered knowledge of Bolt of Draining by Vehumet.
 13215 | IceCv    | Reached skill level 10 in Spellcasting
 13353 | IceCv    | Identified the ring of Fiemut {rPois rF+++ MR- EV+3 Int+3} (You found it in a labyrinth)
 13369 | IceCv    | Found an ancient bone altar of Kikubaaqudgha.
 13376 | IceCv    | Reached XP level 13. HP: 79/79 MP: 28/28
 13561 | IceCv    | Reached skill level 11 in Spellcasting
 13751 | Lair:4   | Learned a level 3 spell: Inner Flame
 13830 | Lair:4   | Reached ***** piety under Vehumet
 14176 | Lair:4   | Found a staircase to the Snake Pit.
 14198 | Lair:4   | Offered knowledge of Venom Bolt by Vehumet.
 14678 | Lair:5   | Reached skill level 12 in Spellcasting
 15174 | Lair:6   | Entered Level 6 of the Lair of Beasts
 15848 | Lair:6   | Reached skill level 1 in Polearms
 17285 | Lair:6   | Gained mutation: You can fly continuously. [Tengu growth]
 17285 | Lair:6   | Reached XP level 14. HP: 82/86 MP: 23/31
 18045 | Lair:6   | Found a staircase to the Slime Pits.
 18138 | Lair:6   | Reached skill level 13 in Spellcasting
 18294 | Lair:6   | Learned a level 2 spell: Sublimation of Blood
 18659 | D:10     | Found a staircase to the Orcish Mines.
 18663 | D:10     | Offered knowledge of Bolt of Fire by Vehumet.
 18673 | D:10     | Learned a level 6 spell: Bolt of Fire
 18879 | D:10     | Killed Harold
 18916 | D:10     | Found a deep blue altar of Sif Muna.
 18919 | D:10     | Identified a +7 rod of clouds (12/12) (You found it in a labyrinth)
 19577 | D:11     | Found Cemneun's Magic Scroll Shoppe.
 20186 | D:12     | Reached skill level 10 in Fighting
 20603 | D:12     | Offered knowledge of Iskenderun's Battlesphere by Vehumet.
 21162 | D:13     | Noticed Snorg
 21172 | D:13     | Killed Snorg
 21261 | D:13     | Reached skill level 10 in Dodging
 21815 | D:13     | Found a gate to the Vaults.
 22034 | D:14     | Reached skill level 1 in Evocations
 22035 | D:14     | Reached skill level 5 in Polearms
 22333 | D:14     | Noticed Asilar's ghost (journeyman MiBe)
 22353 | D:14     | Killed Asilar's ghost
 22494 | D:14     | Reached skill level 10 in Stealth
 22840 | D:15     | Entered Level 15 of the Dungeon
 22843 | D:15     | Reached XP level 15. HP: 92/92 MP: 30/33
 22896 | D:15     | Found a staircase to the Depths.
 23245 | D:15     | Reached skill level 10 in Fire Magic
 24312 | Snake:1  | Entered Level 1 of the Snake Pit
 24336 | Snake:1  | Offered knowledge of Poison Arrow by Vehumet.
 24341 | Snake:1  | HP: 2/92 [anaconda (11)]
 24341 | Snake:1  | Slain by an anaconda

Skill      XL: |  1  2  3  4  5  6  7  8  9 10 11 12 13 14 15 |
---------------+----------------------------------------------+-----
Conjurations   | 2 3 4 5 6 8 9 11 12 | 12.4
Fire Magic     | 4 5 6 7 8 9 10 | 10.2
Spellcasting   | 3 4 6 7 8 10 12 13 | 13.7
Summonings     | 3 4 |  4.7
Fighting       | 3 4 7 8 9 10 | 10.2
Dodging        | 4 5 7 8 10 | 10.0
Stealth        | 4 5 8 9 10 | 10.7
Translocations | 1 |  1.2
Polearms       | 3 5 6 |  6.0
Evocations     | 2 3 |  3.8
Charms         | |  0.4
Air Magic      | |  0.3

Action                   |  1- 3 |  4- 6 |  7- 9 | 10-12 | 13-15 || total
-------------------------+-------+-------+-------+-------+-------++-------
Melee: Unarmed           |     2 |     1 |       |       |       ||     3
       Kick              |     4 |     9 |     8 |     8 |    20 ||    49
       Whip              |     5 |    17 |       |       |       ||    22
       Peck              |     1 |     7 |     9 |     5 |    10 ||    32
       Falchion          |       |    14 |       |       |       ||    14
       Short sword       |       |     9 |       |       |       ||     9
       Spear             |       |       |    23 |       |    62 ||    85
       Long sword        |       |       |    23 |    36 |       ||    59
       Staff             |       |       |       |     1 |     2 ||     3
Throw: Javelin           |       |       |       |     2 |       ||     2
 Cast: Flame Tongue      |    53 |   142 |   144 |   145 |   251 ||   735
       Throw Flame       |     1 |    18 |    32 |   138 |   272 ||   461
       Conjure Flame     |       |     2 |     4 |     6 |     5 ||    17
       Repel Missiles    |       |     1 |       |     2 |     4 ||     7
       Sticky Flame      |       |       |    40 |    68 |   138 ||   246
       Blink             |       |       |     2 |     2 |     2 ||     6
       Call Imp          |       |       |     3 |     3 |       ||     6
       Fireball          |       |       |       |    48 |   139 ||   187
       Dazzling Spray    |       |       |       |     1 |       ||     1
       Bolt of Fire      |       |       |       |       |    29 ||    29
 Abil: Fly               |       |     4 |     1 |     1 |     2 ||     8
Evoke: Wand              |       |       |       |     3 |     9 ||    12
  Use: Scroll            |       |    14 |     8 |    11 |    12 ||    45
       Potion            |       |       |       |     3 |     2 ||     5
 Stab: Paralysed         |       |       |       |     5 |       ||     5
       Sleeping          |       |       |       |       |     1 ||     1
  Eat: Chunk             |     1 |     8 |    12 |    15 |    32 ||    68
       Beef jerky        |       |     1 |       |       |     3 ||     4
       Pizza             |       |       |     2 |       |     2 ||     4
       Bread ration      |       |       |     1 |     3 |     1 ||     5
       Royal jelly       |       |       |       |     2 |       ||     2
       Fruit             |       |       |       |       |     6 ||     6
Armor: Robe              |     6 |    32 |    23 |    21 |    31 ||   113
       Steam dragon scal |       |       |       |       |     6 ||     6
Dodge: Dodged            |    10 |    52 |    59 |    92 |   289 ||   502
       Deflected         |       |       |     1 |     5 |    11 ||    17
Block: Other             |       |       |    10 |    14 |    12 ||    36
       Reflection        |       |       |     1 |     1 |     1 ||     3
       Rpst.: Falchion   |       |     4 |       |       |       ||     4
       Long sword        |       |       |    11 |    28 |       ||    39
